 Dungeon Crawl Stone Soup version 0.31.0-12-g77e489cdc1 (webtiles) character file.

Game seed: 3042459321057151385

12 PriceMaster the Conjurer (level 2, -1/17 HPs)
             Began as an Octopode Conjurer on Feb 27, 2024.
             Slain by a hobgoblin
             ... wielding a +0 whip
              (6 damage)
             ... on level 1 of the Dungeon.
             The game lasted 00:00:37 (415 turns).

PriceMaster the Conjurer (Octopode Conjurer)         Turns: 415, Time: 00:00:38

Health: -1/17      AC:  1    Str:  6    XL:     2   Next: 33%
Magic:  5/5        EV: 13    Int: 20    God:
Gold:   22         SH:  0    Dex: 16    Spells: 4/5 levels left

rFire   . . .        (no weapon)
rCold   . . .        (no shield)
rNeg    . . .        (helmet restricted)
rPois   .            (no amulet)
rElec   .            d - +6 ring of dexterity
rCorr   .            (no ring)
SInv    .            (no ring)
Will    .....        (no ring)
Stlth   +++          (no ring)
HPRegen 0.22/turn    (no ring)
MPRegen 0.09/turn    (no ring)
                     (no ring)

%: no passive effects
@: no status effects
A: almost no armour, amphibious, 8 rings, camouflage 1, gelatinous body 1,
(nimble swimmer 1), tentacles
a: no special abilities


You were on level 1 of the Dungeon.
You visited 1 branch of the dungeon, and saw 1 of its levels.

You collected 22 gold pieces.

Inventory:

Jewellery
 d - a +6 ring of dexterity (left tentacle)
Scrolls
 b - 2 scrolls of identify {unknown}
 c - a scroll of fog {unknown}
 e - a scroll of vulnerability {unknown}
 g - a scroll of amnesia {unknown}
Potions
 f - a potion of might {unknown}


   Skills:
 + Level 2.0 Dodging
 + Level 2.7 Stealth
 + Level 0.4 Unarmed Combat
 + Level 2.0 Spellcasting
 + Level 4.4 Conjurations


You had 4 spell levels left.
You knew the following spells:

 Your Spells              Type           Power      Damage    Failure   Level
a - Magic Dart            Conj           76%        1d6       2%          1

Your spell library contained the following spells:

 Spells                   Type           Power      Damage    Failure   Level
 Searing Ray              Conj           38%        2d5       3%          2
 Fulminant Prism          Conj/Alch      5%         3d7       54%         4
 Iskenderun's Mystic Bla  Conj/Tloc      10%        2d4       54%         4


Dungeon Overview and Level Annotations

Branches:
Dungeon (1/15)

Altars:


Innate Abilities, Weirdness & Mutations

You cannot wear most types of armour.
You are amphibious.
You can wear up to eight rings at the same time.
Your skin changes colour to match your surroundings (Stealth+).
Your rubbery body absorbs attacks. (AC +1, EV +1)
((You are camouflaged when in or above water. (Stealth+)))
You have tentacles for arms and can constrict up to eight enemies at once.


Message History

You tentacle-slap the giant cockroach but do no damage.
You grab the giant cockroach.
You constrict the giant cockroach, but do no damage.
You hear an angry hiss.
The giant cockroach bites you but does no damage.
The magic dart hits the giant cockroach but does no damage.
You constrict the giant cockroach, but do no damage.
The giant cockroach bites you. The giant cockroach barely misses you.
The magic dart hits the giant cockroach.
The giant cockroach is moderately wounded.
You constrict the giant cockroach, but do no damage.
The giant cockroach completely misses you.
The magic dart hits the giant cockroach.
You kill the giant cockroach!
The frilled lizard hisses angrily.
You are out of magic!
There are monsters nearby!
There are monsters nearby!
The hobgoblin hits you with a +0 whip.
You see here a +0 dagger.
You are out of magic!
You are out of magic!
You are out of magic!
Magic courses through your body. The hobgoblin barely misses you.
The magic dart hits the hobgoblin.
The hobgoblin is severely wounded.
The hobgoblin hits you with a +0 whip.
You are too injured to fight recklessly!
You are too injured to fight recklessly!
You are too injured to fight recklessly!
You barely miss the hobgoblin. Your grab misses the hobgoblin.
The hobgoblin is severely wounded.
The hobgoblin hits you with a +0 whip.
* * * LOW HITPOINT WARNING * * *
You tentacle-slap the hobgoblin but do no damage.
You grab the hobgoblin.
The hobgoblin is severely wounded.
You constrict the hobgoblin, but do no damage.
The hobgoblin hits you with a +0 whip.
You die...

# #.### # #...#
# ###.# # #.# #
# #.### .##
#...# ....
###.# )....
#######
#.####.##......
......#
#..)lg@........
.......
####.###†......
....... #.
...>### ....⌠..
# .......
....... .####..
....... .# .
....... ..
....⌠.. ##
.......


You could see a hobgoblin and a frilled lizard.

Vanquished Creatures
  A bat (D:1)
  2 endoplasms (D:1)
  A giant cockroach (D:1)
  3 goblins (D:1)
  A kobold (D:1)
  A quokka (D:1)
9 creatures vanquished.

Notes
Turn   | Place    | Note
-------+----------+-------------------------------------------
     0 | D:1      | PriceMaster the Octopode Conjurer began the quest for the
                  | Orb.
     0 | D:1      | Reached XP level 1. HP: 11/11 MP: 3/3
   148 | D:1      | Reached XP level 2. HP: 17/17 MP: 0/5
   415 | D:1      | Slain by a hobgoblin

Illustrated notes

Levels and vault maps discovered:
D:1:      dpeg_arrival_water_temple_mockup, layout_basic

Action                     || total
---------------------------++-------
  Melee: Unarmed           ||    14
         Punch             ||     2
         Tentacles         ||     2
         Constrict         ||     6
   Cast: Magic Dart        ||    17
    Use: Potion            ||     1
 Armour: Skin              ||    14
  Dodge: Dodged            ||    12
